 Dungeon Crawl Stone Soup version 0.30-a0-263-ge22c4ad894 (webtiles) character file.

Game seed: 1764850533950900571

341 funkygono the Firebug (level 6, -22/32 HPs)
             Began as a Gargoyle Fire Elementalist on Oct 13, 2022.
             Was an Initiate of Vehumet.
             Annihilated by a two-headed ogre
             ... wielding a +0 giant club
              (24 damage)
             ... on level 4 of the Dungeon.
             The game lasted 00:07:50 (4507 turns).

funkygono the Firebug (Gargoyle Fire Elementalist)  Turns: 4507, Time: 00:07:51

Health: -22/32     AC:  6    Str: 11    XL:     6   Next: 56%
Magic:  3/12       EV: 12    Int: 18    God:    Vehumet [......]
Gold:   170        SH:  0    Dex: 10    Spells: 4/13 levels left

rFire   . . .      SeeInvis .    d - +0 whip
rCold   . . .      Faith    .    (no shield)
rNeg    + . .      Spirit   .    a - +0 robe
rPois   ∞          Reflect  .    (no helmet)
rElec   +          Harm     .    (no cloak)
rCorr   .          Rampage  .    (no gloves)
Will    +....                    (no boots)
Stlth   ++........               p - amulet of regeneration
HPRegen 1.05/turn                o - ring of willpower
MPRegen 0.13/turn                (no ring)

@: no status effects
A: sickness immunity, AC +4, negative energy resistance 1, electricity
resistance, torment resistance 1, petrification resistance
a: Renounce Religion


You were on level 4 of the Dungeon.
You worshipped Vehumet.
Vehumet was noncommittal.
You visited 2 branches of the dungeon, and saw 5 of its levels.

You collected 170 gold pieces.

Inventory:

Hand Weapons
 d - a +0 whip (weapon)
Armour
 a - a +0 robe (worn)
Jewellery
 o - a ring of willpower (left hand)
 p - an amulet of regeneration (around neck)
Wands
 t - a wand of quicksilver (11)
 w - a wand of flame (18)
 y - a wand of polymorph (5)
Scrolls
 e - a scroll of silence {unknown}
 g - 3 scrolls of fear {unknown}
 h - 8 scrolls of identify {unknown}
 i - a scroll of enchant weapon {unknown}
 j - 2 scrolls of amnesia {unknown}
 l - a scroll of teleportation {unknown}
 m - a scroll of enchant armour {unknown}
 r - a scroll of summoning {unknown}
 s - a scroll of immolation {unknown}
 v - a scroll of acquirement {unknown}
Potions
 b - a potion of magic
 c - a potion of heal wounds {unknown}
 f - 5 potions of curing {unknown}
 k - a potion of degeneration {unknown}
 n - a potion of mutation {unknown}
 q - 2 potions of attraction {unknown}
 u - a potion of haste {unknown}
 x - a potion of might {unknown}


   Skills:
 + Level 0.2 Fighting
 + Level 0.2 Maces & Flails
 + Level 2.1 Dodging
 - Level 2.1 Stealth
 + Level 4.0 Spellcasting
 + Level 2.7 Conjurations
 + Level 5.0 Fire Magic


You had 4 spell levels left.
You knew the following spells:

 Your Spells              Type           Power      Damage    Failure   Level
a - Foxfire               Conj/Fire      68%        2x1d7     3%          1
b - Scorch                Fire           42%        2d7       2%          2
c - Inner Flame           Hex/Fire       12%        N/A       16%         3
d - Kindle Blastsparks    Fire/Tloc/Air  18%        2d11      22%         3

Your spell library contained the following spells:

 Spells                   Type           Power      Damage    Failure   Level
 Magic Dart               Conj           52%        1d5       4%          1
 Searing Ray              Conj           26%        2d5       8%          2
 Static Discharge         Conj/Air       16%        2-3/arc   13%         2
 Flame Wave               Conj/Fire      17%        2d7       30%         4
 Vhi's Electric Charge    Tloc/Air       6%         N/A       41%         3
 Fulminant Prism          Conj/Hex       4%         3d6       63%         4
 Arcjolt                  Conj/Air       4%         1d14      93%         5
 Lightning Bolt           Conj/Air       4%         1d15      93%         5


Dungeon Overview and Level Annotations

Branches:
Dungeon (4/15)             Temple (1/1) D:4

Altars:
Ashenzari
Cheibriados
Dithmenos
Elyvilon
Fedhas
Gozag
Hepliaklqana
Kikubaaqudgha
Makhleb
Nemelex Xobeh
Okawaru
Qazlal
Sif Muna
Trog
Vehumet
Wu Jian
Xom
Yredelemnul
Zin
The Shining One

Annotations:
D:4 4 runed translucent doors


Innate Abilities, Weirdness & Mutations

You are immune to sickness and miasma.
Your stone body is resilient. (AC +4)
You are immune to poison.
You resist negative energy. (rN+)
You are resistant to electric shocks. (rElec)
You are resistant to unholy torment.
You are immune to petrification.


Message History

Unknown command.
The foxfire hits the two-headed ogre.
The two-headed ogre is lightly wounded.
The foxfire hits the two-headed ogre but does no damage.
The two-headed ogre is lightly wounded.
Casting: Foxfire (safe; 3% risk of failure)
Confirm with . or Enter, or press ? or * to list all spells.
You conjure some foxfire!
The two-headed ogre hits you with a +0 giant club!!
Ouch! That really hurt!
The two-headed ogre hits you with a +0 giant club.
Casting: Foxfire (safe; 3% risk of failure)
Confirm with . or Enter, or press ? or * to list all spells.
Flames lash the two-headed ogre.
The two-headed ogre is lightly wounded.
The two-headed ogre's fire resistance burns away.
The foxfire hits the two-headed ogre.
The two-headed ogre is burned terribly!
The two-headed ogre is lightly wounded.
The foxfire hits the two-headed ogre.
The two-headed ogre is burned terribly!
The two-headed ogre is moderately wounded.
The two-headed ogre hits you with a +0 giant club.
* * * LOW HITPOINT WARNING * * *
The two-headed ogre hits you but does no damage.
Your magical contamination has completely faded away.
Casting: Scorch (safe; 2% risk of failure)
Confirm with . or Enter, or press ? or * to list all spells.
You conjure some foxfire!
Casting: Foxfire (safe; 3% risk of failure)
Confirm with . or Enter, or press ? or * to list all spells.
Flames lash the two-headed ogre.
The two-headed ogre is burned terribly!
The two-headed ogre is moderately wounded.
The foxfire hits the two-headed ogre.
The two-headed ogre is burned terribly!
The two-headed ogre is moderately wounded.
The foxfire hits the two-headed ogre.
The two-headed ogre is burned terribly!
The two-headed ogre is heavily wounded.
The two-headed ogre hits you with a +0 giant club!
* * * LOW HITPOINT WARNING * * *
The two-headed ogre hits you with a +0 giant club!!
Ouch! That really hurt!
You die...

# #...##..# ###+#
#'###...# ..
....######.....#.#####..
...##8)}8##............
...#8....8#............
...+D.....+..)......###
...+..$..D+...........#
...#8....8#.#..O......#
...##8)/8##.#...@.....#
....######..#..§......#
###........#####'######
#######..### ..# .# ##.#
.## .# #.# #.# .# #.#
#..# .## #.#####.# ..###
#.......#


You could see a two-headed ogre (combustible) and an acid dragon.

Vanquished Creatures
  A howler monkey (D:4)
  An orc priest (D:3)
  2 iguanas (D:4)
  7 gnolls
  7 adders
  3 dart slugs
  6 orcs
  9 endoplasms
  5 goblins
  8 hobgoblins
  3 quokkas
  12 ball pythons
  7 bats
  3 frilled lizards
  7 kobolds
  6 rats
87 creatures vanquished.

Vanquished Creatures (others)
  259 foxfires
259 creatures vanquished.

Grand Total: 346 creatures vanquished

Notes
Turn   | Place    | Note
-------+----------+-------------------------------------------
     0 | D:1      | funkygono the Gargoyle Fire Elementalist began the quest
                  | for the Orb.
     0 | D:1      | Reached XP level 1. HP: 10/10 MP: 3/3
   187 | D:1      | Reached XP level 2. HP: 15/15 MP: 3/5
   190 | D:1      | Learned a level 2 spell: Scorch
   957 | D:1      | Reached XP level 3. HP: 19/19 MP: 3/6
   961 | D:1      | Learned a level 3 spell: Inner Flame
  1266 | D:2      | Found a glowing golden altar of the Shining One.
  1316 | D:2      | Reached skill level 4 in Fire Magic
  1358 | D:2      | Reached XP level 4. HP: 5/24 MP: 1/8
  1968 | D:2      | Reached XP level 5. HP: 28/28 MP: 3/9
  2359 | D:2      | Learned a level 3 spell: Kindle Blastsparks
  2978 | D:3      | Found a faded altar of an unknown god.
  3646 | D:4      | Reached XP level 6. HP: 32/32 MP: 7/11
  3760 | D:4      | Found a staircase to the Ecumenical Temple.
  3771 | Temple   | Entered the Ecumenical Temple
  4034 | Temple   | Became a worshipper of Vehumet
  4266 | D:4      | Found a large runed translucent door.
  4267 | D:4      | Found a large runed translucent door.
  4267 | D:4      | Noticed an acid dragon
  4270 | D:4      | Found a large runed translucent door.
  4270 | D:4      | Found a large runed translucent door.
  4285 | D:4      | Reached skill level 5 in Fire Magic
  4491 | D:4      | Noticed a two-headed ogre
  4507 | D:4      | Annihilated by a two-headed ogre

Illustrated notes

Levels and vault maps discovered:
D:1:      roderic_dead_forest, layout_basic, minivault_26
D:2:      layout_basic, basic_altar
D:3:      minmay_wonky_spiral, layout_loops_ring, basic_ecumenical_altar,
          minivault_26
D:4:      layout_basic, minmay_temple_entry_junction,
          minmay_hollow_rounded_squares
Temple:   mainiacjoe_temple_cubbyholes

Skill      XL: |  1  2  3  4  5  6 |
---------------+-------------------+-----
Fire Magic     | 4 5 |  5.0
Spellcasting   | 3 4 |  4.0
Conjurations   | 2 |  2.7
Dodging        | 2 |  2.1
Fighting       | |  0.2
Maces & Flails | |  0.2
Stealth        | |  2.1

Action                   |  1- 3 |  4- 6 || total
-------------------------+-------+-------++-------
Melee: Whip              |     4 |    17 ||    21
       Punch             |       |     1 ||     1
 Cast: Foxfire           |    45 |   108 ||   153
       Scorch            |       |    18 ||    18
Armor: Robe              |     3 |    14 ||    17
Dodge: Dodged            |     8 |    42 ||    50

Table legend: (Time is in decaauts)
 A = Elapsed time spent in this place.
 B = Non-inter-level travel time spent in this place.
 C = Inter-level travel time spent in this place.
 D = Time resting spent in this place.
 E = Time spent auto-exploring this place.
 F = Levels seen in this place.
 G = Mean time per level.
                   A        B        C        D        E       F      G
               +--------+--------+--------+--------+--------+-----+--------+
         Total |   4509 |   4381 |    128 |     96 |   3681 |   5 |  901.8 |
       Dungeon |   4145 |   4071 |     74 |     96 |   3384 |   4 | 1036.2 |
        Temple |    363 |    310 |     53 |      0 |    297 |   1 |  363.0 |
               +--------+--------+--------+--------+--------+-----+--------+

Top non-repeatable levels by time:
     D:1: 1300 daAuts
     D:3: 1190 daAuts
     D:2: 1078 daAuts
     D:4: 575 daAuts
  Temple: 363 daAuts
